 Dungeon Crawl Stone Soup version 0.30-b1-2-g02819fbbbe (webtiles) character file.

Game seed: 6103400874161549297

187600 Frank the Fencer (level 17, -3/123 (127) HPs)
             Began as a Demonspawn Fighter on Jan 13, 2024.
             Was the Champion of Hepliaklqana.
             Slain by a deep elf demonologist
             ... wielding a +0 long sword
              (6 damage)
             ... on level 1 of the Depths.
             The game lasted 01:21:04 (35004 turns).

Frank the Fencer (Demonspawn Fighter)              Turns: 35004, Time: 01:21:06

HP:   -3/123 (127)  AC: 26    Str: 23    XL:     17   Next: 88%
MP:   26/26         EV: 14    Int:  8    God:    Hepliaklqana [******]
Gold: 1106          SH: 21    Dex: 32    Spells: 16/16 levels left

rFire   . . .        a - +9 scimitar (flame)
rCold   + . .        G - +3 kite shield
rNeg    + . .        q - +3 plate armour of the Volcano {rC+ Slay+2}
rPois   .            (helmet unavailable)
rElec   .            f - +0 cloak
rCorr   .            t - +1 pair of gloves
SInv    .            x - +2 pair of boots
Will    +++++        H - amulet of the Four Winds {rN+ Will+++ Clar}
Stlth   +            M - ring "Qoyrig" {MP+9 Str+6}
HPRegen 0.40/turn    s - +6 ring of dexterity
MPRegen 0.20/turn

%: clarity
@: weakened, lightly drained, invisible
A: reduced essence, horns 3, thin skeletal structure 3, foul stench 1, spiny 2,
demonic willpower, talons 1, dopey 1
a: Renounce Religion, Recall Ancestor, Ancestor Identity, Transference, Idealise


You were on level 1 of the Depths.
You worshipped Hepliaklqana.
Hepliaklqana was exalted by your worship.
You visited 8 branches of the dungeon, and saw 30 of its levels.
You visited 1 bazaar.
You also visited: Ice Cave.

You collected 3356 gold pieces.
You spent 2250 gold pieces at shops.

Inventory:

Hand Weapons
 a - a +9 scimitar of flaming (weapon)
Armour
 c - +0 acid dragon scales
 f - a +0 cloak (worn)
 q - the +3 plate armour of the Volcano (worn) {rC+ Slay+2}
   (You bought it in a shop on level 2 of the Shoals)

   Slay:      It affects your accuracy & damage with ranged weapons and melee
   (+2).
   rC:        It protects you from cold.
 t - a +1 pair of gloves (worn)
 u - a +1 crystal plate armour of cold resistance
 x - a +2 pair of boots (worn)
 y - +0 ice dragon scales
 G - a +3 kite shield (worn)
Jewellery
 e - an amulet of reflection
 s - a +6 ring of dexterity (right hand)
 w - a +4 ring of protection
 E - an amulet of regeneration
 F - a ring of willpower
 H - the amulet of the Four Winds (around neck) {rN+ Will+++ Clar}
   (You bought it in a shop in a bazaar)

   [amulet of nothing]

   rN:        It protects you from negative energy.
   Clar:      It protects you from confusion, rage, mesmerisation and fear.
   Will:      It greatly increases your willpower.
 J - a ring of wizardry
 M - the ring "Qoyrig" (left hand) {MP+9 Str+6}
   (You found it on level 15 of the Dungeon)

   [ring of magical power]

   Str:       It affects your strength (+6).
   MP:        It affects your magic capacity (+9).
Wands
 d - a wand of polymorph (39)
 k - a wand of iceblast (13)
 l - a wand of flame (11)
 v - a wand of mindburst (5)
Scrolls
 i - 11 scrolls of identify
 j - 3 scrolls of fog
 p - 6 scrolls of immolation
 C - 4 scrolls of teleportation
 O - a scroll of fear
Potions
 g - 12 potions of curing
 m - 5 potions of flight
 n - a potion of might
 o - 3 potions of attraction
 r - 3 potions of cancellation
 z - 3 potions of haste
 A - 3 potions of resistance
 D - 2 potions of invisibility
 I - 3 potions of brilliance
 K - a potion of lignification
 N - 2 potions of magic
Miscellaneous
 h - a phial of floods
 B - a lightning rod (4/4)
 L - a box of beasts


   Skills:
 + Level 15.0 Fighting
 + Level 16.5 Long Blades
 + Level 12.4 Armour
 + Level 8.9 Dodging
 + Level 16.5 Shields
 + Level 3.6 Evocations


You had 16 spell levels left.
You didn't know any spells.
Your spell library contained the following spells:

 Spells                   Type           Power      Damage    Failure   Level
 Foxfire                  Conj/Fire      0%         2x1d4     100%        1
 Kiss of Death            Conj/Necr      0%         2d5       100%        1
 Magic Dart               Conj           0%         1d3       100%        1
 Necrotise                Necr           0%         1d4       100%        1
 Sandblast                Erth           0%         2d4       100%        1
 Shock                    Conj/Air       0%         1d3       100%        1
 Slow                     Hex            0%         N/A       100%        1
 Cigotuvi's Dreadful Rot  Necr/Pois/Air  0%         N/A       100%        2
 Passwall                 Tmut/Erth      0%         N/A       100%        2
 Scorch                   Fire           0%         2d5       100%        2
 Confusing Touch          Hex            0%         N/A       100%        3
 Inner Flame              Hex/Fire       0%         N/A       100%        3
 Stone Arrow              Conj/Erth      0%         3d7       100%        3
 Vampiric Draining        Necr           0%         2d6       100%        3
 Animate Armour           Summ/Erth      0%         N/A       100%        4
 Cause Fear               Hex            0%         N/A       100%        4
 Dispel Undead            Necr           0%         3d6       100%        4
 Flame Wave               Conj/Fire      0%         2d4       100%        4
 Agony                    Necr           0%         N/A       100%        5
 Fireball                 Conj/Fire      0%         3d3       100%        5
 Yara's Violent Unravell  Hex/Tmut       0%         3d3       100%        5
 Death Channel            Necr           0%         N/A       100%        6
 Plasma Beam              Fire/Air       0%         2x1d11    100%        6
 Starburst                Conj/Fire      0%         6d3       100%        6
 Summon Cactus Giant      Summ           0%         N/A       100%        6
 Dragon Form              Tmut           0%         N/A       100%        7
 Enfeeble                 Hex            0%         N/A       100%        7
 Malign Gateway           Summ/Tloc      0%         N/A       100%        7
 Lehudib's Crystal Spear  Conj/Erth      0%         10d2      100%        8
 Summon Horrible Things   Summ           0%         N/A       100%        8
 Chain Lightning          Conj/Air       0%         N/A       100%        9
 Dragon's Call            Summ           0%         N/A       100%        9
 Fire Storm               Conj/Fire      0%         5d1       100%        9
 Shatter                  Erth           0%         3d5*      100%        9


Dungeon Overview and Level Annotations

Branches:
Dungeon (15/15)            Temple (1/1) D:7            Lair (5/5) D:9
 Shoals (2/4) Lair:3       Spider (1/4) Lair:3        Slime (0/5) Lair:5
    Orc (2/2) D:10            Elf (2/3) Orc:2        Vaults (0/5) D:13
 Depths (2/4) D:15          IceCv (visited)

Altars:
Ashenzari
Cheibriados
Dithmenos
Fedhas
Gozag
Hepliaklqana
Kikubaaqudgha
Makhleb
Nemelex Xobeh
Okawaru
Qazlal
Ru
Sif Muna
Trog
Uskayaw
Vehumet
Wu Jian
Xom
Yredelemnul
Jiyva
Lugonu

Shops:
D:3 !   D:10 =   D:13 !   Orc:2 *[?:   Elf:1 *   Shoals:2 *   Depths:1 *

Portals:
Hell: Depths:1
Abyss: D:12 Lair:5 Depths:1

Annotations:
Lair:2 2 transporters


Innate Abilities, Weirdness & Mutations

Your life essence is reduced to manifest your ancestor. (-10% HP)
You have a pair of large horns on your head.
You have an unnaturally thin skeletal structure. (Dex +6, Stealth+++)
You may rarely emit foul miasma when damaged in melee.
You are mostly covered in sharp spines.
You punish those that try to bend your will. (Will+)
You have sharp toenails.
You are dopey. (Int -2)


Message History

You slash the hell beast! You burn the hell beast.
You kill the hell beast!
The hell beast disappears in a puff of smoke!
An ogre mage appears from thin air!
Reactivating autopickup.
Something hits you but does no damage.
Deactivating autopickup; reactivate with Ctrl-A.
The rakshasa weaves an illusion.
The necromancer shimmers and seems to become two!
You block the ogre mage's attack.
You closely miss the deep elf demonologist.
Your headbutt misses the deep elf demonologist.
You block something's attack.
The orange demon stings you but does no damage.
You block the red devil's attack.
The rakshasa blinks!
The deep elf demonologist gestures at you while chanting.
You resist with almost no effort.
Your will lashes out at the deep elf demonologist!
You hit the deep elf demonologist. You burn the deep elf demonologist.
Your headbutt misses the deep elf demonologist.
The deep elf demonologist is lightly wounded.
You block the ogre mage's attack.
Unknown command.
You closely miss the deep elf demonologist.
Your headbutt misses the deep elf demonologist.
The deep elf demonologist is lightly wounded.
Something hits you!
* * * LOW HITPOINT WARNING * * *
You block the red devil's attack. You block the orange demon's attack.
The deep elf demonologist closely misses you.
The ogre mage casts a spell.
The ogre mage flickers and vanishes!
You closely miss the deep elf demonologist.
The deep elf demonologist is lightly wounded.
Something hits you.
* * * LOW HITPOINT WARNING * * *
Something hits you!
* * * LOW HITPOINT WARNING * * *
The deep elf demonologist hits you with a +0 long sword.
You die...

##.....#######...#######....##
#.....#8ee.8#.©.#8.⌠.8#..#'#.
#.....#.....#####.....#.##...
###.....#.....'[:.'.....#..)...
#.......##.#..#:::#..#.##..[)..
#.#####.#..#.8#⌠_⌠#8.#..#.#####
###.# #.##...#######...##....[.
#...# #.#..#..#8{8#..#..#......
..^.# #.##.#..@4p{RZ.#.##.#....
....##
#.#.....#e4p#Z....#.#....
.....#
#.##.#.###{###.#.##.#....
...###
#.#..#.#⌠...⌠#.#..#.##.## ...#
#.##...#.....#...##..'.#. .###
#.#...##.....##..R#..#+#. ##
#.##..#.......#..##....#. #
#.#...#.#...#.#...#..#### ##
#.# ..#8 .R. #.##..#


You could see a rakshasa, a deep elf demonologist, an orange demon (summoned,
unable to see you), 2 necromancers, a red devil (summoned, unable to see you), a
boggart simulacrum (unable to see you) and a deep troll earth mage simulacrum
(unable to see you).

Vanquished Creatures
  Rupert (D:15)
  Asterion (Spider:1)
  Agnes (Elf:1)
  Kirke (Shoals:1)
  The ghost of Raspi the Severer, a journeyman MiFi of Makhleb (Spider:1)
  A fire giant (Depths:1)
  A deep elf sorcerer (Elf:1)
  2 frost giants (Depths:1)
  An orc warlord (Orc:1)
  A reaper (IceCv)
  3 stone giants (Depths:1)
  A caustic shrike skeleton (Depths:1)
  5 very ugly things
  Nessos (D:15)
  The ghost of Zeduezozebb the Warrior, a journeyman MiFi of Okawaru (D:12)
  A deep elf annihilator (Elf:1)
  A deep elf demonologist (Elf:1)
  A dire elephant (D:15)
  3 ettins
  5 jiangshi (Depths:1)
  A merfolk impaler (Shoals:1)
  An entropy weaver (shapeshifter) (D:14)
  2 rakshasas (Depths:1)
  Erolcha (Orc:1)
  A vault guard (D:13)
  4 hydras
  A merfolk avatar (Shoals:1)
  3 ice dragons (Depths:1)
  8 centaur warriors
  2 spriggan air magi (Depths:1)
  Erica (Orc:1)
  A satyr (Shoals:2)
  3 boulder beetles
  5 dancing weapons
  4 deep troll earth magi (Depths:1)
  A tengu warrior (D:13)
  11 death yaks
  A hell hog (D:12)
  3 spriggan berserkers (Depths:1)
  3 vampire magi (Depths:1)
  3 thrashing horrors (Lair:5)
  A fire crab (shapeshifter) (Lair:5)
  3 deep elf knights (Elf:1)
  A spectral ghost moth (Spider:1)
  2 spectral spark wasps (Spider:1)
  An iron troll (Depths:1)
  4 skysharks
  9 skeletal warriors
  2 deep trolls (Depths:1)
  2 glowing orange brains
  A deep elf archer (Elf:1)
  5 sea snakes
  2 steelbarb worms (Spider:1)
  11 orc knights
  A necromancer (Depths:1)
  5 harpies (Shoals:2)
  8 deep elf pyromancers
  5 wolf spiders (Spider:1)
  3 fauns (Shoals:2)
  9 manticores
  16 ugly things
  6 deep elf zephyrmancers (Elf:1)
  The ghost of emiel the Slasher, a novice DsBe of Trog (D:6)
  2 orc sorcerers
  3 worldbinders (D:12)
  3 cyclopes
  A moth of wrath (Spider:1)
  A salamander (D:15)
  A salamander (shapeshifter) (Lair:5)
  A moth of wrath (shapeshifter) (D:14)
  5 merfolk sirens
  A guardian serpent (shapeshifter) (D:15)
  A fire giant skeleton (Depths:1)
  4 black mambas
  16 cane toads
  An unseen horror (D:10)
  2 ice statues (IceCv)
  11 elephants
  2 gargoyles (D:11)
  2 demonic crawlers (Spider:1)
  A torpor snail (Lair:5)
  Maggie (D:7)
  7 komodo dragons
  A freezing wraith (D:14)
  An efreet (D:10)
  A rime drake (Lair:3)
  4 ice devils (IceCv)
  A cane toad (shapeshifter) (Lair:5)
  A spark wasp simulacrum (Spider:1)
  2 ancient zymes (Lair:5)
  2 tengu conjurers
  A spriggan skeleton (Depths:1)
  3 trolls
  6 merfolk
  A jorogumo simulacrum (Spider:1)
  18 blink frogs
  4 meliai
  3 hornets
  8 tarantellas (Spider:1)
  2 broodmother simulacra (Spider:1)
  A queen bee (shapeshifter) (Lair:5)
  A raiju (shapeshifter) (D:14)
  An ettin zombie (Depths:1)
  11 dream sheep
  2 snapping turtles
  13 jumping spiders (Spider:1)
  11 slime creatures (D:12)
  4 spriggans
  An air elemental (Elf:1)
  A wraith (D:13)
  2 shadows
  A ynoxinul (Lair:5)
  10 culicivoras (Spider:1)
  Sigmund (D:4)
  8 humans
  A vampire (D:11)
  6 water elementals
  A dire elephant simulacrum (IceCv)
  42 yaks
  3 large abominations (Lair:5)
  Grum (D:9)
  3 basilisks
  A hog (Shoals:1)
  15 redbacks (Spider:1)
  3 wyverns
  A steam dragon (D:8)
  2 chaos spawn (Lair:5)
  2 vampire mosquitoes (D:10)
  An acid dragon (D:12)
  A harpy simulacrum (IceCv)
  14 water moccasins
  2 hydra simulacra (IceCv)
  A black bear (D:6)
  48 orc warriors
  2 sky beasts (D:7)
  11 ogres
  An ice beast (D:5)
  4 boggarts (D:14)
  24 wolves
  14 centaurs
  2 phantoms
  7 kobold brigands (D:6)
  8 small abominations (Lair:5)
  A cane toad simulacrum (IceCv)
  10 bullfrogs
  A gnoll sergeant (D:11)
  3 scorpions
  17 wights
  2 hexers
  An elephant simulacrum (IceCv)
  7 killer bees
  An electric eel (Lair:5)
  8 hounds
  2 gnoll boudas
  9 jellies
  10 orc priests
  13 orc wizards
  7 hell rats (Lair:1)
  An iguana (D:4)
  3 troll simulacra (IceCv)
  2 spriggan simulacra
  A wolf simulacrum (IceCv)
  A polar bear simulacrum (IceCv)
  Robin (D:2)
  9 adders
  27 gnolls
  3 naga simulacra (IceCv)
  6 white imps
  3 ufetubi
  2 worms
  A dart slug (D:2)
  69 orcs
  8 endoplasms
  2 giant cockroaches
  12 goblins
  12 hobgoblins
  5 jackals
  2 quokkas
  6 ball pythons
  4 bats
  6 frilled lizards
  9 kobolds
  6 rats
898 creatures vanquished.

Vanquished Creatures (collateral kills)
  A merfolk javelineer (Shoals:1)
  An entropy weaver (shapeshifter) (D:13)
  A vault guard (D:13)
  A hydra (Lair:5)
  A spriggan air mage (Depths:1)
  A dancing weapon (Elf:2)
  A boulder beetle (D:13)
  3 death yaks (Lair:4)
  A sun moth (Spider:1)
  Lodul (D:13)
  A skeletal warrior (D:15)
  A deep elf archer (Elf:1)
  A steelbarb worm (Spider:1)
  3 harpies (Shoals:2)
  A spectral jorogumo (Spider:1)
  2 deep elf pyromancers (Elf:1)
  A wolf spider (Spider:1)
  3 ugly things (D:14)
  3 manticores (Shoals:2)
  A merfolk siren (Shoals:2)
  An elephant (Lair:5)
  A black mamba (Lair:3)
  A torpor snail (Spider:1)
  A ghost moth simulacrum (Spider:1)
  4 merfolk
  A troll (D:15)
  2 tarantellas (Spider:1)
  2 blink frogs (Lair:5)
  2 dream sheep
  2 snapping turtles
  A culicivora (Spider:1)
  3 yaks
  2 basilisks
  2 humans (D:13)
  2 redbacks (Spider:1)
  2 wargs
  2 water moccasins
  A large abomination (Lair:5)
  An orc warrior (Orc:1)
  4 ogres (D:13)
  A bullfrog (Lair:3)
  2 orc wizards (Orc:1)
  5 orcs
  A spectral weapon (Spider:1)
75 creatures vanquished.

Vanquished Creatures (others)
  A deep elf knight (Elf:1)
  An orc knight (Elf:1)
  2 humans
  A boggart (Depths:1)
  A kobold brigand (D:6)
  4 ancestors
  16 hexers
  22 fungi
  53 plants
101 creatures vanquished.

Grand Total: 1074 creatures vanquished

Notes
Turn   | Place    | Note
-------+----------+-------------------------------------------
     0 | D:1      | Frank the Demonspawn Fighter began the quest for the Orb.
     0 | D:1      | Reached XP level 1. HP: 18/18 MP: 1/1
   189 | D:1      | Gained mutation: You have a pair of small horns on your
                  | head. [demonic ancestry]
   189 | D:1      | Reached XP level 2. HP: 24/24 MP: 2/2
   736 | D:2      | Gained mutation: You have a pair of horns on your head.
                  | [demonic ancestry]
   736 | D:2      | Reached XP level 3. HP: 29/29 MP: 3/3
   819 | D:2      | Noticed Robin
   838 | D:2      | Killed Robin
   934 | D:2      | Gained mutation: You are partially covered in sharp spines.
                  | [demonic ancestry]
   934 | D:2      | Reached XP level 4. HP: 35/35 MP: 4/4
  1414 | D:3      | Found Boapaxt's Distillery.
  1420 | D:3      | Bought a potion of heal wounds for 50 gold pieces
  1680 | D:3      | Gained mutation: You have a somewhat thin skeletal
                  | structure. (Dex +2, Stealth+) [demonic ancestry]
  1680 | D:3      | Reached XP level 5. HP: 41/41 MP: 5/5
  2358 | D:4      | Noticed a phantom
  2363 | D:4      | Killed a phantom
  2364 | D:4      | Reached skill level 1 in Dodging
  2364 | D:4      | Reached XP level 6. HP: 48/48 MP: 6/6
  2469 | D:4      | Identified the +0 pair of boots of the Midnight Sun {Will+}
  2512 | D:4      | Noticed Sigmund
  2521 | D:4      | Killed Sigmund
  2579 | D:4      | Reached XP level 7. HP: 26/54 MP: 7/7
  2773 | D:4      | Identified the +0 buckler "Haaxo" {Contam rC+++ rCorr
                  | Dex-2}
  3294 | D:5      | Entered Level 5 of the Dungeon
  3317 | D:5      | Reached skill level 5 in Long Blades
  3739 | D:5      | Gained mutation: You have a moderately thin skeletal
                  | structure. (Dex +4, Stealth++) [demonic ancestry]
  3739 | D:5      | Reached XP level 8. HP: 49/61 MP: 8/8
  3960 | D:5      | Reached skill level 5 in Shields
  4293 | D:6      | Found a runed translucent gate.
  4293 | D:6      | Found a runed translucent gate.
  4293 | D:6      | Found a runed translucent gate.
  4299 | D:6      | Noticed emiel's ghost (novice DsBe)
  4916 | D:6      | Reached skill level 5 in Fighting
  4916 | D:6      | Reached skill level 5 in Armour
  4931 | D:6      | Killed emiel's ghost
  4932 | D:6      | Gained mutation: You have a pair of large horns on your
                  | head. [demonic ancestry]
  4932 | D:6      | Reached XP level 9. HP: 19/68 MP: 9/9
  5185 | D:7      | Found a shimmering blue altar of Sif Muna.
  5229 | D:7      | Noticed a troll
  5229 | D:7      | You fall into a shaft and drop 1 floor!
  5514 | D:7      | Noticed Maggie
  5528 | D:7      | Killed Maggie
  6067 | D:7      | Killed a troll
  6068 | D:7      | Reached skill level 1 in Evocations
  6130 | D:7      | Found a staircase to the Ecumenical Temple.
  6169 | D:7      | Gained mutation: You are mostly covered in sharp spines.
                  | [demonic ancestry]
  6169 | D:7      | Reached XP level 10. HP: 75/76 MP: 10/10
  6559 | D:8      | Identified the +0 whip of Zackaoli {pain, *Corrode rElec
                  | rPois rC+}
  7278 | D:9      | Noticed Grum
  7286 | D:9      | Killed Grum
  7355 | D:9      | Found a staircase to the Lair.
  7486 | D:10     | Entered Level 10 of the Dungeon
  7795 | D:10     | Noticed a centaur warrior
  7796 | D:10     | Noticed a cyclops
  7810 | D:10     | Killed a centaur warrior
  7813 | D:10     | Killed a cyclops
  7814 | D:10     | Gained mutation: You punish those that try to bend your
                  | will. (Will+) [demonic ancestry]
  7814 | D:10     | Reached XP level 11. HP: 63/83 MP: 11/11
  7869 | D:10     | Reached skill level 10 in Long Blades
  8104 | D:10     | Identified the +10 dagger of the Eleven Bones {heavy, rElec
                  | Int-3 Dex+6}
  8190 | D:10     | Found Massebb's Jewellery Shop.
  8271 | D:10     | Found a staircase to the Orcish Mines.
  8286 | D:10     | Noticed a sea snake
  9322 | D:12     | Found a frozen archway.
  9339 | IceCv    | Entered an ice cave
  9424 | IceCv    | Reached skill level 5 in Dodging
  9592 | IceCv    | Gained mutation: You do not regenerate when monsters are
                  | visible. [mutagenic glow]
  9888 | IceCv    | Noticed a reaper
  9898 | IceCv    | Killed a reaper
  9899 | IceCv    | Gained mutation: You may rarely emit foul miasma when
                  | damaged in melee. [demonic ancestry]
  9899 | IceCv    | Reached XP level 12. HP: 60/92 MP: 12/12
 10264 | D:12     | Noticed a cyan very ugly thing
 10265 | D:12     | Found a transporter.
 10939 | D:12     | Noticed Zeduezozebb's ghost (journeyman MiFi)
 11006 | D:12     | Noticed a hell hog
 11247 | D:12     | Found a transporter.
 11251 | D:12     | Found a one-way gate to the infinite horrors of the Abyss.
 11440 | D:12     | Noticed a boulder beetle
 11461 | D:12     | Killed a boulder beetle
 11775 | Temple   | Entered the Ecumenical Temple
 11854 | Temple   | Became a worshipper of Hepliaklqana the Forgotten
 12037 | Lair:1   | Entered Level 1 of the Lair of Beasts
 12305 | Lair:1   | Reached skill level 10 in Shields
 13556 | Lair:2   | Found a transporter.
 13592 | Lair:2   | Reached XP level 13. HP: 101/101 MP: 13/13
 13980 | Lair:2   | Reached * piety under Hepliaklqana
 13995 | Lair:2   | Found a transporter.
 14643 | Lair:3   | Found a hole to the Spider Nest.
 15261 | Lair:3   | Found a staircase to the Shoals.
 16023 | Lair:4   | Reached ** piety under Hepliaklqana
 16024 | Lair:4   | Remembered your ancestor Ur-Dumizida as a hexer
 16274 | Lair:4   | Reached skill level 10 in Fighting
 17177 | Lair:5   | Entered Level 5 of the Lair of Beasts
 17235 | Lair:5   | Reached *** piety under Hepliaklqana
 17235 | Lair:5   | Found a viscous altar of Jiyva.
 17248 | Lair:5   | Found a staircase to the Slime Pits.
 17264 | Lair:5   | Reached XP level 14. HP: 51/99 MP: 14/14
 17670 | Lair:5   | Found a stormy altar of Qazlal.
 18399 | Lair:4   | Lost mutation: You do not regenerate when monsters are
                  | visible. [potion of mutation]
 18399 | Lair:4   | Gained mutation: Your body sometimes deteriorates upon
                  | taking damage. [potion of mutation]
 18399 | Lair:4   | Gained mutation: Your mind is acute. (Int +4, Str/Dex -1)
                  | [potion of mutation]
 18400 | Lair:4   | Lost mutation: Your body sometimes deteriorates upon taking
                  | damage. [potion of mutation]
 18400 | Lair:4   | Lost mutation: Your mind is acute. (Int +4, Str/Dex -1)
                  | [potion of mutation]
 18400 | Lair:4   | Gained mutation: You have hidden genetic potential. [potion
                  | of mutation]
 19062 | Lair:5   | Reached skill level 10 in Armour
 19142 | Lair:5   | Found a corrupted altar of Lugonu.
 19750 | Orc:1    | Entered Level 1 of the Orcish Mines
 19750 | Orc:1    | Noticed Erolcha
 19755 | Orc:1    | Killed Erolcha
 19770 | Orc:1    | Gained mutation: You are dopey. (Int -2) [a neqoxec]
 19809 | Orc:1    | Noticed an orc warlord
 19826 | Orc:1    | Killed an orc warlord
 20126 | Orc:1    | Noticed Erica
 20144 | Orc:1    | Killed Erica
 20312 | Orc:2    | Entered Level 2 of the Orcish Mines
 20345 | Orc:2    | Found a staircase to the Elven Halls.
 20533 | Orc:2    | Reached **** piety under Hepliaklqana
 20907 | Orc:2    | Reached XP level 15. HP: 89/108 MP: 15/15
 21236 | Orc:2    | Found Jeteq's Magic Scroll Shoppe.
 21236 | Orc:2    | Found Fyit's Antique Armour Shop.
 21238 | Orc:2    | Found Doskikothu's Assorted Antiques.
 21240 | Orc:2    | Found Eqozurch's Book Emporium.
 21244 | Orc:2    | Bought a scroll of enchant armour for 82 gold pieces
 21244 | Orc:2    | Bought a scroll of magic mapping for 82 gold pieces
 21247 | Orc:2    | Bought a potion of heal wounds for 105 gold pieces
 21789 | D:13     | Noticed Lodul
 22557 | D:12     | Killed Zeduezozebb's ghost
 22628 | D:12     | Reached skill level 15 in Long Blades
 22736 | D:13     | Killed Lodul
 23153 | D:13     | Gained mutation: You have sharp toenails. [hidden
                  | potential]
 23449 | D:13     | Found Ekupponedd's Distillery.
 23460 | D:13     | Bought a potion of invisibility for 104 gold pieces
 23722 | D:13     | Found a gate to the Vaults.
 24413 | D:14     | Found a hide-covered altar of Uskayaw.
 24822 | D:15     | Entered Level 15 of the Dungeon
 24891 | D:15     | Found a flickering gateway to a bazaar.
 24908 | D:15     | Found a staircase to the Depths.
 24952 | Bazaar   | Entered a bazaar
 25138 | Bazaar   | Found Firih's Antique Armour Shoppe.
 25154 | Bazaar   | Found Efuweso's Magic Scroll Emporium.
 25159 | Bazaar   | Bought a scroll of enchant weapon for 67 gold pieces
 25159 | Bazaar   | Bought a scroll of enchant weapon for 67 gold pieces
 25170 | Bazaar   | Found Qielebeq's Assorted Antiques.
 25186 | Bazaar   | Found Jinkesy's Magic Scroll Emporium.
 25186 | Bazaar   | Found Angepn's Jewellery Shoppe.
 25228 | Bazaar   | Bought the amulet of the Four Winds {rN+ Will+++ Clar} for
                  | 667 gold pieces
 25228 | Bazaar   | Found the amulet of the Four Winds {rN+ Will+++ Clar}
 25349 | D:15     | Noticed Nessos
 25357 | D:15     | Killed Nessos
 25712 | D:15     | Identified the ring "Qoyrig" {MP+9 Str+6}
 25959 | D:15     | Noticed Rupert
 25959 | D:15     | Paralysed by Rupert for 2 turns
 25966 | D:15     | Killed Rupert
 26125 | Elf:1    | Entered Level 1 of the Elven Halls
 26126 | Elf:1    | Noticed Agnes
 26135 | Elf:1    | Killed Agnes
 26136 | Elf:1    | Reached XP level 16. HP: 107/117 MP: 16/16
 26164 | Elf:1    | You fall into a shaft and drop 1 floor!
 26164 | Elf:2    | Reached ***** piety under Hepliaklqana
 26633 | Elf:1    | Got the Compendium of Hurting
 26767 | Elf:1    | Paralysed by an air elemental for 1 turns
 27066 | Elf:1    | Found Disk's Desiderata Depot.
 27122 | Elf:1    | Gained mutation: You have an unnaturally thin skeletal
                  | structure. (Dex +6, Stealth+++) [hidden potential]
 27122 | Elf:1    | Lost mutation: You have hidden genetic potential. [hidden
                  | potential expressed]
 27262 | Elf:1    | Noticed an Ice Fiend
 27636 | Shoals:1 | Entered Level 1 of the Shoals
 27725 | Shoals:1 | Noticed Kirke
 27736 | Shoals:1 | Killed Kirke
 28709 | Shoals:2 | Reached skill level 15 in Shields
 29139 | Shoals:2 | Found Vefet's General Store.
 29569 | Spider:1 | Entered Level 1 of the Spider Nest
 29583 | Spider:1 | HP: 4/119 [wolf spider (12)]
 30045 | Spider:1 | Noticed Asterion
 30057 | Spider:1 | Killed Asterion
 30256 | Spider:1 | Mutation became permanent: You have a moderately thin
                  | skeletal structure. (Dex +4, Stealth++) [demonic ancestry]
 30256 | Spider:1 | Gained mutation: You have an unnaturally thin skeletal
                  | structure. (Dex +6, Stealth+++) [demonic ancestry]
 30256 | Spider:1 | Reached XP level 17. HP: 120/125 MP: 17/17
 30439 | Spider:1 | Reached ****** piety under Hepliaklqana
 31431 | Spider:1 | Found a runed translucent gate.
 31432 | Spider:1 | Found a runed translucent gate.
 31432 | Spider:1 | Found a runed translucent gate.
 31435 | Spider:1 | Noticed Raspi's ghost (journeyman MiFi)
 31782 | Spider:1 | Killed Raspi's ghost
 32217 | Shoals:2 | Bought the +3 plate armour of the Volcano {rC+ Slay+2} for
                  | 1026 gold pieces
 32691 | Depths:1 | Entered Level 1 of the Depths
 32716 | Depths:1 | Found a bloodstained altar of Trog.
 32729 | Depths:1 | Found Karejor's Elemental Accessories.
 33441 | Depths:1 | Found a transporter.
 33513 | Depths:1 | Found a shimmering blue altar of Sif Muna.
 33591 | Depths:1 | Found a gateway to Hell.
 34678 | Depths:1 | Reached skill level 15 in Fighting
 35004 | Depths:1 | HP: 3/123 [something (8)]
 35004 | Depths:1 | Slain by a deep elf demonologist

Illustrated notes

Levels and vault maps discovered:
D:1:      beargit_arrival_greenhouse, layout_basic
D:2:      layout_loops_ring, uniq_robin
D:3:      layout_basic, serial_shops, shop, grunt_decor_fettered,
          solitary_fountain, guppyfry_early_orc_mine
D:4:      layout_cave_pods, uniq_sigmund
D:5:      layout_cave_pods, dreamdust_gnoll_farm
D:6:      layout_cave_pools, gammafunk_ghost_nasty_kobolds
D:7:      layout_basic, lemuel_round_altar, nicolae_overflow_hidden_temple,
          minmay_temple_entry_stoned_glass, uniq_maggie
D:8:      layout_gridville, feat_on_display
D:9:      layout_roguey, lair_entry_dummy, uniq_grum
D:10:     minmay_bloctagon_deflated, layout_basic, orc_0_dummy, serial_shops,
          nicolae_shop_behind_doors, serial_aquarium, aquarium_bridge_straight
          [aquarium_subvault_bridge, aquarium_subvault_window,
          aquarium_subvault_bridge, aquarium_subvault_balcony],
          aquarium_window_fake, aquarium_window_1, aquarium_window_1,
          aquarium_window_2, aquarium_view_2d, aquarium_view_2d,
          aquarium_balcony_1a, minivault_21
D:11:     layout_roguey, nicolae_sextant, elyvilon_altar_5
D:12:     layout_roguey [special_room_orc], portal_ice_cave_entry_pillars_2,
          gammafunk_ghost_abyssal_escape, nicolae_kite_square_tiling_tiny,
          st_stairs_14, kennysheep_doodads
D:13:     layout_roguey, ximxim_vaults_locker_room, serial_shops, shop,
          uniq_lodul
D:14:     layout_rooms, nicolae_uskayaw_en_pointe, nicolae_figureground_pulse
D:15:     hangedman_depths_entry_try_elsewhere_first, layout_rooms,
          serial_shops, bzr_in_the_mist, roderic_lattice_a, uniq_nessos,
          uniq_rupert
Temple:   nicolae_temple_slightly_damp_pantheon
Lair:1:   layout_roguey, minivault_26, minmay_hedge_maze, beast_lair_carwin_7,
          grunt_megastairs_4
Lair:2:   gammafunk_cloud_chamber, layout_gridlike, cheibrodos_lair_reptile_den
Lair:3:   layout_cave_pods, shoals_dummy_entry,
          hellmonk_spider_entry_not_the_bees
Lair:4:   layout_regular_city, grunt_megastairs_2
Lair:5:   hellmonk_lair_end_abyssal_woods, layout_big_grid,
          nicolae_slime_entry_field_trip, basic_altar, serial_bayou_ford_a
Shoals:1: layout_shoals, uniq_kirke
Shoals:2: layout_shoals, serial_shops, shop
Spider:1: layout_chambers, gammafunk_ghost_necromancy, uniq_asterion
Orc:1:    layout_caves, uniq_erica, uniq_erolcha
Orc:2:    st_orc_rangers, layout_caves, lightli_volcano_entry_magma_tube
Elf:1:    eino_elf_arrival_sip, layout_geoelf_diagonals,
          minmay_elf_annihilation, nicolae_alphabet_shops,
          dreamdust_wishing_well, minmay_misc_feat_rows, nrook_mini_backslash,
          nicolae_elf_theology_debate, uniq_agnes
Elf:2:    elven_hall_of_blades_hangedman_original
          [nicolae_blade_entry_area_security], layout_onion_city, serial_shops,
          shop
Depths:1: gammafunk_sealed_library, layout_honeycomb, kennysheep_small_spiral,
          abyss_entry, pf_coc_iceberg, hangedman_decor_diamond_cutter,
          drop_trap, nicolae_elemental_shop, bloody_trog
Depths:2: kennysheep_ogre_elephant_herders, layout_gridlike, enter_ziggurat_f,
          pan_entry, hell_entry, minmay_misc_feat_nine_boxes,
          minmay_staircase_bubble

Skill      XL: |  1  2  3  4  5  6  7  8  9 10 11 12 13 14 15 16 17 |
---------------+----------------------------------------------------+-----
Shields        | 3 4 5 6 8 9 10 11 12 14 15 16 | 16.5
Long Blades    | 2 3 4 5 7 8 9 11 12 14 15 16 | 16.5
Armour         | 3 4 5 6 7 8 9 10 11 12 | 12.4
Fighting       | 4 5 6 8 9 10 11 13 14 15 | 15.0
Dodging        | 1 2 3 5 6 7 8 |  8.9
Evocations     | 1 2 3 |  3.6

Action                     |  1- 3 |  4- 6 |  7- 9 | 10-12 | 13-15 | 16-18 || total
---------------------------+-------+-------+-------+-------+-------+-------++-------
  Melee: Long sword        |    91 |   127 |   170 |       |       |       ||   388
         Headbutt          |    11 |    21 |    55 |   138 |   264 |   191 ||   680
         Scimitar          |       |       |    47 |   561 |   978 |   741 ||  2327
 Invoke: Ancestor Life: He |       |       |       |       |     1 |       ||     1
         Recall Ancestor   |       |       |       |       |       |     1 ||     1
  Evoke: Wand              |       |       |     2 |     9 |    17 |     6 ||    34
         Lightning rod     |       |       |       |     1 |     8 |       ||     9
         Phial of floods   |       |       |       |       |     1 |       ||     1
    Use: Scroll            |     4 |     4 |     8 |    12 |    17 |     4 ||    49
         Potion            |       |     3 |     4 |     6 |     7 |     9 ||    29
   Stab: Held in net/web   |       |     1 |       |       |       |       ||     1
         Sleeping          |       |       |     4 |     7 |     8 |     2 ||    21
         Distracted        |       |       |       |     1 |    16 |     9 ||    26
         Confused          |       |       |       |       |    19 |    19 ||    38
         Paralysed         |       |       |       |       |    21 |    50 ||    71
         Invisible         |       |       |       |       |       |     7 ||     7
 Armour: Scale mail        |    37 |    31 |    72 |       |       |       ||   140
         Troll leather arm |       |       |       |    49 |       |       ||    49
         Ice dragon scales |       |       |       |    95 |   262 |   139 ||   496
         Plate armour      |       |       |       |       |       |   101 ||   101
  Dodge: Dodged            |    25 |    28 |    63 |   187 |   278 |   247 ||   828
  Block: Buckler           |    22 |    82 |   122 |   398 |   283 |       ||   907
         Reflection        |       |     2 |     4 |     5 |    79 |    27 ||   117
         Kite shield       |       |       |       |       |   488 |   714 ||  1202
